 Dungeon Crawl Stone Soup version 0.28.0-45-g0d030f2227 (webtiles) character file.

Game seed: 892580424365613702

686 MisterFreud the Insei (level 5, -4/46 HPs)
             Began as a Yellow Draconian Transmuter on Apr 24, 2022.
             Was a Believer of Ru.
             Slain by Joseph
             ... wielding a +3 spectral quarterstaff
              (20 damage)
             ... on level 7 of the Dungeon.
             The game lasted 00:07:25 (5600 turns).

MisterFreud the Insei (Yellow Draconian Transmuter) Turns: 5600, Time: 00:07:25

Health: -4/46      AC:  2    Str: 12    XL:     5   Next: 35%
Magic:  6/8        EV: 19    Int: 15    God:    Ru [**....]
Gold:   98         SH:  0    Dex: 17    Spells: 2/8 levels left

rFire   . . .      SeeInvis .     - Unarmed
rCold   . . .      Faith    .   (shield currently unavailable)
rNeg    . . .      Spirit   .   (armour unavailable)
rPois   x          Reflect  .   (helmet currently unavailable)
rElec   .          Harm     .   (cloak currently unavailable)
rCorr   .          Rampage  .   (gloves currently unavailable)
Will    .....                   (boots currently unavailable)
Stlth   ++........              (no amulet)
HPRegen 0.15/turn               (no ring)
MPRegen 0.11/turn               (no ring)

@: spider-form (expiring)
A: venomous fangs, (spit acid), AC +5, tiny, unfitting armour, (cold-blooded),
inexperienced 1, (acid resistance)
a: End Transformation, Renounce Religion


You were on level 7 of the Dungeon.
You worshipped Ru.
Ru was pleased with you.
You were a venomous arachnid creature.
You visited 1 branch of the dungeon, and saw 6 of its levels.

You collected 279 gold pieces.
You spent 181 gold pieces at shops.

Inventory:

Hand Weapons
 f - the +2 whip of Context {venom, *Rage rPois Str+8 Stlth+}
   (You found it on level 2 of the Dungeon)

   It poisons the flesh of those it strikes.
   Str:       It affects your strength (+8).
   rPois:     It protects you from poison.
   *Rage:     It berserks you when you make melee attacks (+20% chance).
   Stlth:     It makes you more stealthy.
Missiles
 b - a throwing net
 c - 13 javelins
 e - 14 poisoned darts
 o - 3 boomerangs
 w - 3 curare-tipped darts
Armour
 j - a +0 pair of gloves (melded)
Jewellery
 q - a ring of see invisible
Wands
 p - a wand of polymorph (8)
 t - a wand of flame (29)
Scrolls
 g - 2 scrolls of vulnerability
 i - a scroll of fog {unknown}
 k - a scroll of enchant weapon {unknown}
 l - a scroll of holy word {unknown}
 m - a scroll of enchant armour {unknown}
 n - 2 scrolls of blinking
 r - a scroll of fear {unknown}
 s - a scroll of torment {unknown}
 u - a scroll of teleportation
 v - a scroll of immolation {unknown}
Potions
 a - a potion of lignification
 d - a potion of attraction
 h - a potion of resistance


   Skills:
 - Level 4.0 Fighting
 + Level 2.4 Dodging
 - Level 6.0 Unarmed Combat
 - Level 2.0 Spellcasting
 - Level 5.0 Transmutations


You had 2 spell levels left.
You knew the following spells:

 Your Spells              Type           Power      Damage    Failure   Level
a - Beastly Appendage     Tmut           32%        N/A       10%         1
b - Wereblood             Tmut           16%        N/A       13%         2
c - Spider Form           Tmut/Pois      9%         N/A       45%         3

Your spell library contained the following spells:

 Spells                   Type           Power      Damage    Failure   Level
 Apportation              Tloc           2%         N/A       43%         1
 Ice Form                 Ice/Tmut       9%         N/A       80%         4
 Leda's Liquefaction      Hex/Erth       0%         N/A       98%         4
 Alistair's Intoxication  Tmut/Pois      6%         N/A       98%         5
 Lee's Rapid Deconstruct  Erth           0%         3d5*      100%        5
 Iron Shot                Conj/Erth      0%         9d1       100%        6
 Statue Form              Tmut/Erth      6%         N/A       100%        6
 Shatter                  Erth           0%         3d5*      100%        9


Dungeon Overview and Level Annotations

Branches:
Dungeon (5/15)             Temple (0/1) D:5

Altars:
Cheibriados
Gozag
Kikubaaqudgha
Makhleb
Ru

Shops:
D:3 ?   D:4 *   D:5 ?[

Annotations:
D:7 2 transporters, Joseph; ioannis32's ghost, novice DsBe


Innate Abilities, Weirdness & Mutations

You are a venomous arachnid creature.
You have poisonous fangs.
You are tiny and dextrous.
Your spellcasting is less reliable in this form.
Your armour is entirely melded.
You are incapable of wielding weapons or throwing items.
((You can spit globs of acid.))
((Your golden yellow scales are hard. (AC +5)))
You cannot fit into any form of body armour.
((You are cold-blooded and may be slowed by cold attacks.))
You are somewhat inexperienced. (-2 XL)
((You are resistant to acid. (rCorr)))


Message History

Joseph unwields a +3 spectral quarterstaff.
Joseph wields a +0 hunting sling.
Joseph shoots a sling bullet.
The sling bullet barely misses you.
Joseph shoots a sling bullet.
The sling bullet hits you!
Okay, then.
Unknown command.
Unknown command.
Okay, then.
Unknown command.
Casting: Spider Form (quite dangerous; 24% risk of failure)
Confirm with . or Enter, or press ? or * to list all spells.
Okay, then.
Unknown command.
Okay, then.
Unknown command.
Okay, then.
Unknown command.
Casting: Spider Form (quite dangerous; 24% risk of failure)
Confirm with . or Enter, or press ? or * to list all spells.
Okay, then.
Unknown command.
Unknown command.
Casting: Spider Form (quite dangerous; 24% risk of failure)
Confirm with . or Enter, or press ? or * to list all spells.
The spell is quite dangerous to miscast (24% risk of failure)!
Continue anyway?
You turn into a venomous arachnid creature.
Your +0 pair of gloves melds into your body.
Joseph is nearby!
You hit Joseph but do no damage. You barely miss Joseph.
Joseph unwields a +0 hunting sling.
Joseph wields a +3 spectral quarterstaff.
Joseph barely misses you.
You bite Joseph!
Joseph is lightly wounded.
Your transformation is almost over.
Joseph hits you with a +3 spectral quarterstaff!
You hit Joseph.
Joseph is moderately wounded.
Joseph hits you with a +3 spectral quarterstaff!!
You die...

##@.### #..#W
#.....# #####..#o
##...####......#.
##.#....#..#....#.
##..###.#######..#.
#...#..## #..#.
###.##..# #..#.
#.@###### #..##
#..s# #...# ###.#
#.... #.## .....
### #.#.. ## #.


You could see Joseph.

Vanquished Creatures
  A sky beast (D:5)
  An ogre (D:5)
  A centaur skeleton (D:5)
  An orc priest (D:4)
  A gnoll shaman (D:7)
  4 hounds
  An iguana (D:4)
  An orc wizard (D:4)
  A hound zombie (D:5)
  A hound skeleton (D:4)
  8 gnolls
  6 adders
  An ufetubus (D:5)
  An adder skeleton (D:4)
  2 worms (D:3)
  A dart slug (D:1)
  5 orcs
  A bat (D:3)
  8 endoplasms
  4 giant cockroaches
  4 goblins (D:2)
  8 hobgoblins
  6 jackals
  5 kobolds
  A quokka (D:2)
  2 ball pythons (D:4)
  A frilled lizard (D:2)
  5 rats
82 creatures vanquished.

Notes
Turn   | Place    | Note
-------+----------+-------------------------------------------
     0 | D:1      | MisterFreud the Draconian Transmuter began the quest for
                  | the Orb.
     0 | D:1      | Reached XP level 1. HP: 16/16 MP: 3/3
   146 | D:1      | Reached XP level 2. HP: 12/23 MP: 5/5
   622 | D:1      | Found a faded altar of an unknown god.
   979 | D:2      | Reached XP level 3. HP: 19/28 MP: 4/6
   981 | D:2      | Identified the +2 whip of Context {venom, *Rage rPois Str+8
                  | Stlth+}
  1717 | D:3      | Reached XP level 4. HP: 26/35 MP: 7/7
  1903 | D:3      | Got Uwea's Compendium of the Mountains
  1912 | D:3      | Found Imeapoder's Magic Scroll Boutique.
  1984 | D:3      | Bought a scroll of blinking for 82 gold pieces
  2638 | D:3      | Learned a level 2 spell: Wereblood
  2642 | D:3      | Learned a level 3 spell: Spider Form
  2792 | D:4      | Reached skill level 5 in Transmutations
  3007 | D:4      | Found Joklie's General Store.
  3133 | D:4      | Reached XP level 5. HP: 40/40 MP: 6/8
  3312 | D:4      | HP: 3/61 [orc wizard/magic dart (7)]
  3669 | D:4      | Found a faded altar of an unknown god.
  3669 | D:4      | Found an ancient bone altar of Kikubaaqudgha.
  3676 | D:4      | Found a burning altar of Makhleb.
  3678 | D:4      | Found an opulent altar of Gozag.
  3680 | D:4      | Found a faded altar of an unknown god.
  3784 | D:4      | Found a sacrificial altar of Ru.
  3794 | D:4      | Became a worshipper of Ru the Awakened
  3904 | D:4      | Reached skill level 4 in Unarmed Combat
  3904 | D:4      | Reached XP level 6. HP: 33/51 MP: 4/9
  4082 | D:5      | Entered Level 5 of the Dungeon
  4082 | D:5      | Found Pelunk Fani's Antique Armour Shop.
  4440 | D:3      | Bought a scroll of teleportation for 33 gold pieces
  4440 | D:3      | Bought a scroll of identify for 22 gold pieces
  4442 | D:3      | Bought a scroll of identify for 22 gold pieces
  4442 | D:3      | Bought a scroll of identify for 22 gold pieces
  4557 | D:5      | Found a staircase to the Ecumenical Temple.
  4557 | D:5      | Noticed a sky beast
  4821 | D:5      | Killed a sky beast
  4822 | D:5      | Reached skill level 5 in Unarmed Combat
  4822 | D:5      | Your scales start taking on a golden yellow colour.
  4822 | D:5      | Reached XP level 7. HP: 28/59 MP: 5/10
  4822 | D:5      | Gained mutation: You are resistant to acid. (rCorr) [Yellow
                  | Draconian growth]
  5110 | D:5      | Found Jipnoixt's Magic Scroll Shop.
  5200 | D:5      | Found a snail-covered altar of Cheibriados.
  5298 | D:5      | You fall into a shaft and drop 2 floors!
  5377 | D:7      | Reached skill level 6 in Unarmed Combat
  5390 | D:7      | Gained mutation: You are somewhat inexperienced. (-2 XL)
                  | [Ru sacrifice]
  5390 | D:7      | Reached XP level 6. HP: 39/52 MP: 7/9
  5390 | D:7      | Reached XP level 5. HP: 39/46 MP: 7/8
  5390 | D:7      | Reached * piety under Ru
  5390 | D:7      | Reached ** piety under Ru
  5488 | D:7      | Noticed a deep elf pyromancer
  5490 | D:7      | Found a transporter.
  5490 | D:7      | Noticed a shadow
  5492 | D:7      | Noticed ioannis32's ghost (novice DsBe)
  5499 | D:7      | Found a transporter.
  5574 | D:7      | Noticed Joseph
  5600 | D:7      | Slain by Joseph

Illustrated notes

Levels and vault maps discovered:
D:1:      minmay_arrival_loop, layout_basic, basic_ecumenical_altar
D:2:      cheibrodos_old_hovel, layout_basic, grunt_decor_one_mirror,
          corexii_corridor_pit, minmay_split_cup_large
D:3:      layout_loops_ring, serial_shops, shop_fountains
D:4:      layout_loops_ring, lemuel_coloured_pillars_altar,
          chequers_temple_overflow_minitemple, minmay_misc_feat_encased,
          nicolae_take_the_stairs, minmay_misc_feat_doors, cheibrodos_gnoll_hut
D:5:      layout_loops_corners, amcnicky_altar_gilded,
          minmay_temple_entry_statues_fountains, serial_shops, shop,
          nicolae_stop_n_shop_1, st_stairs_6
D:7:      layout_layer_cave, gammafunk_ghost_arena, uniq_joseph

Skill      XL: |  1  2  3  4  5  6  7 |
---------------+----------------------+-----
Transmutations | 3 4 5 |  5.0
Fighting       | 3 4 |  4.0
Unarmed Combat | 4 5 6 |  6.0
Dodging        | 2 |  2.4
Spellcasting   | |  2.0

Action                   |  1- 3 |  4- 6 |  7- 9 || total
-------------------------+-------+-------+-------++-------
Melee: Unarmed           |    92 |   140 |    19 ||   251
       Headbutt          |    10 |    10 |       ||    20
       Kick              |    18 |    19 |       ||    37
       Tailslap          |     7 |     9 |       ||    16
       Punch             |     2 |     3 |       ||     5
 Cast: Beastly Appendage |    16 |    18 |       ||    34
       Spider Form       |       |     8 |     3 ||    11
Invok: Sacrifice Experie |       |     1 |       ||     1
 Abil: Breathe Acid      |       |       |     3 ||     3
       End Transformatio |       |       |     1 ||     1
  Use: Potion            |       |     3 |       ||     3
       Scroll            |       |     5 |       ||     5
 Stab: Sleeping          |       |     1 |       ||     1
Armor: Skin              |    22 |    48 |       ||    70
Dodge: Dodged            |    47 |   106 |    24 ||   177
